 Dungeon Crawl Stone Soup version 0.16-a0-3706-g5dff784 (console) character file.

140 MrRokkomies the Insei (level 5, -1/36 HPs)
             Began as an Octopode Transmuter on Jan 19, 2015.
             Slain by Tyryt0's ghost (11 damage)
             ... on level 3 of the Dungeon.
             The game lasted 00:08:18 (2395 turns).

MrRokkomies the Insei (Octopode Transmuter)         Turns: 2395, Time: 00:08:18

Health: -1/36      AC:  1    Str: 10    XL:     5   Next: 22%
Magic:  9/9        EV: 12    Int: 16    God:
Gold:   123        SH:  0    Dex: 12    Spells: 2 memorised, 4 levels left

rFire  . . .     SeeInvis .       - Unarmed
rCold  . . .     Clarity  .     (no shield)
rNeg   . . .     SustAb   .     (helmet restricted)
rPois  .         Gourm    .     (no amulet)
rElec  .         Spirit   .     (no ring)
rCorr  .         Warding  .     (no ring)
rMut   .         Stasis   .     (no ring)
MR     .....                    (no ring)
Stlth  ++........               (no ring)
                                (no ring)
                                (no ring)
                                (no ring)

@: appendage (expiring), not resistant to hostile enchantments, unstealthy
A: almost no armour, amphibious, 8 rings, constrict 8, tentacle spike 3,
camouflage 1, gelatinous body 1
a: End Transformation


You were on level 3 of the Dungeon.
You were not hungry.
One of your tentacles had a temporary spike.
You visited 1 branch of the dungeon, and saw 3 of its levels.

You collected 123 gold pieces.

Inventory:

Hand weapons
 g - a +0 dagger of protection
Missiles
 b - 29 arrows
 i - 24 stones (quivered)
Scrolls
 f - 2 scrolls of teleportation
 h - a scroll of enchant weapon {unknown}
Potions
 e - a potion of restore abilities
 j - a potion of cancellation {unknown}
 k - a potion of curing {unknown}
Books
 d - a book of Changes

   Spells                             Type                      Level
   a - Beastly Appendage              Transmutation                1
   b - Sticks to Snakes               Transmutation                2
   c - Spider Form                    Transmutation/Poison         3
   d - Ice Form                       Ice/Transmutation            4
   e - Blade Hands                    Transmutation                5
Comestibles
 a - a bread ration
 c - a meat ration


   Skills:
 - Level 3.2 Fighting
 - Level 2.0 Dodging
 + Level 0.0 Stealth
 * Level 4.1 Unarmed Combat
 - Level 2.0 Spellcasting
 - Level 3.0 Transmutations
 * Level 0.0 Poison Magic


You had 4 spell levels left.
You knew the following spells:

 Your Spells              Type           Power        Failure   Level  Hunger
a - Beastly Appendage     Trmt           ##....       8%          1    #......
b - Spider Form           Trmt/Pois      #.........   34%         3    ###....


Dungeon Overview and Level Annotations

Branches:
Dungeon (3/15)

Altars:
Elyvilon

Annotations:
D:3 Tyryt0's ghost, weakling DgWn


Innate Abilities, Weirdness & Mutations

You cannot wear most types of armour.
You are amphibious.
You can wear up to eight rings at the same time.
You can use your tentacles to constrict many enemies at once.
Your skin changes colour to match your surroundings (Stealth).
Your rubbery body absorbs attacks (AC +1).
One of your tentacles bears a large vicious spike.


Message History

Tyryt0's ghost is moderately damaged.
Tyryt0's ghost hits you.
You tentacle-slap Tyryt0's ghost.
Tyryt0's ghost is heavily damaged.
Tyryt0's ghost hits you.
You tentacle-slap Tyryt0's ghost but do no damage.
Your squeeze misses Tyryt0's ghost.
Tyryt0's ghost is heavily damaged.
Tyryt0's ghost closely misses you.
You closely miss Tyryt0's ghost.
Tyryt0's ghost is heavily damaged.
Tyryt0's ghost hits you.
* * * LOW HITPOINT WARNING * * *
Tyryt0's ghost shouts, "You must not succeed where I failed!"
Your transformation is almost over.
Tyryt0's ghost ripples.
Things that are here:
a dagger; a goblin corpse Tyryt0's ghost hits you!
You die...

. #######
#.#######.....#######.
...............'.......
#.#...........#######.
#...........# #
#.......##### ###..
#.......# ....#
#...)...# ....#
#...W...# >...#
#...@...#
....#########.......##
.....................+
....### #####.....†.##
....# ####.......#
....#.. .........###
....#.#######....>#
###.#.#. ...#.##.##
#.#.#.###.#+##.##
#.#.#........$..#
#.#.#........%..#


You could see Tyryt0's ghost.

Vanquished Creatures
  Sigmund (D:2)
  An adder (D:2)
  A giant mite (D:2)
  An orc (D:2)
  A giant cockroach (D:2)
  11 goblins
  A hobgoblin (D:1)
  2 jackals (D:1)
  3 ball pythons
  7 bats
  5 giant newts (D:1)
  8 kobolds
  12 rats
54 creatures vanquished.

Notes
Turn   | Place    | Note
--------------------------------------------------------------
     0 | D:1      | MrRokkomies, the Octopode Transmuter, began the quest for the Orb.
     0 | D:1      | Reached XP level 1. HP: 13/13 MP: 3/3
   408 | D:1      | Reached XP level 2. HP: 18/18 MP: 4/4
  1045 | D:1      | Reached XP level 3. HP: 22/24 MP: 6/6
  1498 | D:2      | Learned a level 3 spell: Spider Form
  1816 | D:2      | Found a white marble altar of Elyvilon.
  2112 | D:2      | Reached XP level 4. HP: 30/30 MP: 7/7
  2163 | D:2      | Noticed Sigmund
  2180 | D:2      | Killed Sigmund
  2180 | D:2      | Reached skill level 4 in Unarmed Combat
  2180 | D:2      | Reached XP level 5. HP: 31/36 MP: 5/9
  2378 | D:3      | Noticed Tyryt0's ghost (weakling DgWn)
  2395 | D:3      | Slain by Tyryt0's ghost

Action                   |  1- 3 |  4- 6 || total
-------------------------+-------+-------++-------
Melee: Unarmed           |    97 |    27 ||   124
 Cast: Beastly Appendage |     3 |     1 ||     4
       Spider Form       |       |     1 ||     1
  Use: Scroll            |     6 |       ||     6
       Potion            |       |     1 ||     1
 Stab: Sleeping          |     9 |     2 ||    11
  Eat: Chunk             |     3 |     2 ||     5
